 Dungeon Sprint DCSS version 0.30-a0-737-gf23d94013f (webtiles) character file.

Game seed: 2487085456160131511

22 sircluck the Shield-Bearer (level 2, -7/31 HPs)
             Began as a Troll Fighter on Feb 2, 2023.
             Mangled by an ogre
             ... wielding a +0 giant club
              (16 damage)
             ... in the Dungeon (Sprint I: "Red Sonja").
             The game lasted 00:00:38 (54 turns).

sircluck the Shield-Bearer (Troll Fighter)            Turns: 54, Time: 00:00:39

Health: -7/31      AC:  4    Str: 23    XL:     2   Next: 68%
Magic:  1/1        EV:  9    Int:  4    God:
Gold:   54         SH:  0    Dex:  9    Spells: 1/1 levels left

rFire   . . .      SeeInvis .      - Unarmed
rCold   . . .      Faith    .    b - +0 kite shield
rNeg    . . .      Spirit   .    a - +0 robe
rPois   .          Reflect  .    (helmet restricted)
rElec   .          Harm     .    (no cloak)
rCorr   .          Rampage  .    (gloves unavailable)
Will    .....      NoTele   +    (boots unavailable)
Stlth   +                        (no amulet)
HPRegen 1.05/turn                (no ring)
MPRegen 0.07/turn                (no ring)

@: confused, lethally poisoned (-7 -> -18)
A: large, unfitting armour, claws 3, regeneration 1, shaggy fur 1, tough skin 1
a: no special abilities


You were in the Dungeon.
You visited 1 branch You collected 54 gold pieces.

Inventory:

Armour
 a - a +0 robe (worn)
 b - a +0 kite shield (worn)
Wands
 j - a wand of charming (5)
Scrolls
 i - a scroll of blinking
Potions
 c - a potion of might
 d - a potion of curing
 e - a potion of heal wounds
 f - a potion of haste
 g - 2 potions of magic
 h - a potion of berserk rage
 k - a potion of cancellation {unknown}


   Skills:
 + Level 3.5 Fighting
 + Level 3.4 Dodging
 + Level 3.8 Shields
 + Level 2.5 Unarmed Combat


You had one spell level left.
You didn't know any spells.
Your spell library was empty.

Dungeon Overview and Level Annotations

Branches:
Dungeon (1/1)

Altars:

Annotations:
D Sigmund


Innate Abilities, Weirdness & Mutations

You are too large for most types of armour.
You have claws for hands.
Your natural rate of healing is unusually fast.
You are covered in fur. (AC +1)
You have tough skin. (AC +1)


Message History

You have reached level 2!
You start resting.
HP restored.
j - a wand of charming (6);
k - a ruby potion
Things that are here:
a +0 dagger; a +0 leather armour
There is an open door, spattered with blood here.
You open the door.
An ogre comes into view. It is wielding a +0 giant club.
Aiming: Charm
Press: ? - help, Q - select action Shift-Dir - straight line, f - ogre
Aim: an ogre, wielding a +0 giant club (chance to affect: 49%)
The ogre is charmed.
You swap places.
There is an open door here.
You open the door.
Found 54 gold pieces.
There is an open door here.
You now have 27 gold pieces.
You now have 54 gold pieces (gained 27).
You swap places.
There is an open door here.
You open the door.
Sigmund the Dreaded comes into view.
He is wielding a +5 scythe of venom.
Sigmund casts a spell at you.
You are confused.
Are you sure you want to stumble around while confused and next to your ogre?
Okay, then.
Sigmund drinks a potion.
Sigmund seems to grow stronger.
Are you sure you want to stumble around while confused and next to your ogre?
Okay, then.
Sigmund hits you from afar with a +5 scythe of venom!
Ouch! That really hurt!
You are lethally poisoned!
Are you sure you want to stumble around while confused and next to your ogre?
You bump into the rock wall.
* * * LOW HITPOINT WARNING * * *
You feel very sick.
The ogre is no longer charmed.
The ogre hits you with a +0 giant club!
Ouch! That really hurt!
You die...

########## ##
#<)#..'..#..+
#..'..#.@'@.#
#..#####O####
#..# #..#
#..# ####
#..# #⌠⌠#
####


You could see an ogre and Sigmund (strong).

Vanquished Creatures
  Ijyb (D)
1 creature vanquished.

Notes
Turn   | Place    | Note
-------+----------+-------------------------------------------
     0 | D        | sircluck the Troll Fighter began the quest for the Orb.
     0 | D        | Reached XP level 1. HP: 22/22 MP: 0/0
     2 | D        | Noticed Ijyb
    15 | D        | Killed Ijyb
    16 | D        | Reached XP level 2. HP: 21/31 MP: 1/1
    35 | D        | Noticed an ogre
    50 | D        | Noticed Sigmund
    54 | D        | Mangled by an ogre

Illustrated notes

Levels and vault maps discovered:
D:        dungeon_sprint_1 [red_sonja_temple_1, red_sonja_temple_small_1]

Skill      XL: |  1 |
---------------+----+-----
Fighting       | 3 |  3.5
Dodging        | 3 |  3.4
Shields        | 3 |  3.8
Unarmed Combat | |  2.5

Action                     || total
---------------------------++-------
  Melee: Unarmed           ||     7
  Evoke: Wand              ||     1
 Armour: Robe              ||     2
  Dodge: Dodged            ||     2
  Block: Kite shield       ||     1

Table legend: (Time is in decaauts)
 A = Elapsed time spent in this place.
 B = Non-inter-level travel time spent in this place.
 C = Inter-level travel time spent in this place.
 D = Time resting spent in this place.
 E = Time spent auto-exploring this place.
 F = Levels seen in this place.
 G = Mean time per level.
                   A        B        C        D        E       F      G
               +--------+--------+--------+--------+--------+-----+--------+
         Total |     54 |     54 |      0 |     10 |      0 |   1 |   54.0 |
       Dungeon |     54 |     54 |      0 |     10 |      0 |   1 |   54.0 |
               +--------+--------+--------+--------+--------+-----+--------+

Top non-repeatable levels by time:
       D: 54 daAuts
